AoeStats
← Adryan

Arena

507290101Analyzed
1v1 RM · 1mo ago on Sep 17, 2026· 90m 51s· 2 players
Game mode
Random Map
Map size
Tiny (2 player)
Population
200
Speed
Normal
Resources
Standard
Victory
Conquest
Starting age
Dark Age
Ending age
Imperial Age
RankedLock teamsTeams togetherTeam positionsShared explorationLock speedFull tech treeHidden civsTurbo modeCheats
Victory
Defeat
🇦🇷 Spanish · Argentina
1267
+14
vs
🇵🇪 Burmese · Peru
1227
-14
Adryan
7:53 Loom
10:17 Feudal Age
11:30 Town Watch
12:05 Man-at-Arms
13:06 Horse Collar
21:58 Castle Age
23:48 Squires
24:01 Forging
25:52 Long Swordsman
26:18 Gambesons
27:58 Wheelbarrow
27:52 Town Patrol
28:30 Arson
28:49 Scale Mail Armor
29:26 Iron Casting
33:08 Chain Mail Armor
34:26 Heavy Plow
38:33 Imperial Age
36:23 Hand Cart
39:36 Conscription
38:41 Two-Handed Swordsman
40:29 Plate Mail Armor
40:01 Champion
40:27 Capped Ram
43:20 Crop Rotation
43:43 Guilds
46:40 Blast Furnace
56:35 Fletching
57:00 Bloodlines
56:11 Light Cavalry
56:47 Pikeman
57:44 Halberdier
58:29 Heavy Scorpion
72:49 Husbandry
80:36 Chemistry
fran.federico8
12:37 Feudal Age
16:56 Castle Age
15:19 Fletching
19:58 Double-Bit Axe
27:06 Bow Saw
28:08 Horse Collar
29:56 Wheelbarrow
31:08 Bodkin Arrow
34:00 Imperial Age
32:09 Gold Mining
32:25 Heavy Plow
35:31 Scale Barding Armor
36:39 Bloodlines
36:31 Husbandry
36:54 Chain Barding Armor
38:57 Plate Barding Armor
38:35 Forging
38:24 Stone Mining
39:40 Two-Man Saw
38:43 Cavalier
41:06 Chemistry
40:56 Ballistics
41:12 Hand Cart
40:43 Town Watch
41:43 Stone Shaft Mining
42:27 Iron Casting
41:15 Light Cavalry
41:20 Paladin
43:17 Fortified Wall
43:18 Masonry
42:37 Hussar
42:46 Elite Conquistador
43:48 Conscription
52:25 Blast Furnace
58:22 Architecture
58:52 Loom
62:35 Bombard Tower
68:18 Elite Skirmisher
69:03 Thumb Ring
69:01 Bracer
69:02 Padded Archer Armor
74:51 Hoardings
88:42 Murder Holes
Connection lost

Rejoining the realm…

Still unreachable

The connection could not be restored.

Session expired

The server has moved on; the page needs a fresh start.